 Dungeon Crawl Stone Soup version 0.30-a0-1157-g2cc9ac7196 (webtiles) character file.

Game seed: 14908224640445932421

3941 jasper the Gouger (level 10, 0/46 HPs)
             Began as a Felid Enchanter on Apr 24, 2023.
             Was a Believer of Wu Jian.
             Succumbed to a hornet's poison
             ... in a Gauntlet.
             The game lasted 00:18:49 (9328 turns).

jasper the Gouger (Felid Enchanter)                 Turns: 9328, Time: 00:18:50

Health: 0/46       AC:  2    Str: 10    XL:     10   Next: 1%
Magic:  11/15      EV: 23    Int: 21    God:    Wu Jian [**....]
Gold:   11         SH:  0    Dex: 17    Spells: 4/15 levels left
                                        Lives:  0   Deaths: 3

rFire   . .          .
                       - Unarmed
rCold   . . .        (shield unavailable)
rNeg    . . .        (body armour unavailable)
rPois   .            (helmet unavailable)
rElec   .            (cloak unavailable)
rCorr   +            (gloves unavailable)
SInv    +            (boots unavailable)
Will    +....        (no amulet)
Stlth   +++++        l - ring of resist corrosion
HPRegen 0.27/turn    t - +6 ring of strength
MPRegen 0.14/turn

%: no teleportation
@: mighty, lethally poisoned (0 -> -4), slowed, slow
A: very small, claws 1, fangs 3, see invisible, speed 1, shaggy fur 2, stealthy
paws, no weapons or thrown items, no armour, multi-lived
a: Renounce Religion, Wall Jump


You were in a Gauntlet.
You worshipped Wu Jian.
Wu Jian was pleased with you.
You visited 2 branches of the dungeon, and saw 12 of its levels.
You also visited: Gauntlet.

You collected 479 gold pieces.
You spent 468 gold pieces at shops.

Inventory:

Jewellery
 l - a ring of resist corrosion (left paw)
 t - a +6 ring of strength (right paw)
Wands
 s - a wand of digging (2)
Scrolls
 b - a scroll of immolation
 c - a scroll of blinking
 d - 3 scrolls of teleportation
 e - a scroll of magic mapping
 f - a scroll of fear
 m - a scroll of fog
 n - a scroll of amnesia
 o - a scroll of identify
Potions
 a - 2 potions of invisibility
 h - 3 potions of attraction
 i - a potion of lignification
 j - 2 potions of haste
 k - a potion of brilliance
 p - a potion of cancellation


   Skills:
 - Level 6.7 Fighting
 - Level 9.5 Dodging
 - Level 10.0 Stealth
 - Level 10.1 Unarmed Combat
 - Level 3.0 Spellcasting
 - Level 8.0 Hexes
 + Level 5.1 Transmutations
 + Level 4.2 Earth Magic


You had 4 spell levels left.
You knew the following spells:

 Your Spells              Type           Power      Damage    Failure   Level
a - Ensorcelled Hibernat  Hex/Ice        38%        N/A       3%          2
b - Confusing Touch       Hex            36%        N/A       1%          3
c - Statue Form           Tmut/Erth      14%        N/A       96%         6

Your spell library contained the following spells:

 Spells                   Type           Power      Damage    Failure   Level
 Tukima's Dance           Hex            36%        N/A       1%          3
 Dazzling Flash           Conj/Hex       38%        N/A       8%          3
 Leda's Liquefaction      Hex/Erth       14%        N/A       11%         4
 Necrotise                Necr           12%        1d4       13%         1
 Vampiric Draining        Necr           3%         2d6       36%         3
 Volatile Blastmotes      Fire/Tloc      6%         2d10      36%         3
 Iskenderun's Mystic Bla  Conj/Tloc      3%         2d3       78%         4
 Lee's Rapid Deconstruct  Erth           10%        3d8*      54%         5
 Agony                    Necr           3%         N/A       98%         5
 Starburst                Conj/Fire      1%         6d3       100%        6


Dungeon Overview and Level Annotations

Branches:
Dungeon (11/15)            Temple (1/1) D:5         Gauntlet (1/1)
   Lair: D:8-11         Orc: D:9-12

Altars:
Ashenzari
Cheibriados
Dithmenos
Elyvilon
Fedhas
Gozag
Hepliaklqana
Kikubaaqudgha
Makhleb
Nemelex Xobeh
Okawaru
Qazlal
Ru
Sif Muna
Trog
Uskayaw
Vehumet
Wu Jian
Xom
Yredelemnul
Zin
The Shining One

Shops:
D:5 :   D:6 :   D:7 *

Annotations:
D:8 Amaemon
D:10 exclusion: door Gauntlet 12 transporters, 3 runed translucent doors, exclusion: obsidian statue


Innate Abilities, Weirdness & Mutations

You have sharp claws.
You have razor-sharp teeth.
You have supernaturally acute eyesight. (SInv)
You cover ground quickly. (Speed+)
You are covered in thick fur. (AC +2)
Your paws help you pounce on unaware monsters.
You are incapable of wielding weapons or throwing items.
You cannot wear armour.
You gain extra lives every three experience levels.


Message History

You feel yourself speed up.
You feel very sick. The hornet stings you!
You are more poisoned.
You feel yourself slow down.
Welcome back to level 10!
You take 17 damage, and have 24/46 hp.
MASSIVE DAMAGE!!
MP restored: 15 The hornet attacks as you move away!
The hornet barely misses you.
You feel very sick. The hornet closely misses you.
There is a transporter here.
You see here a hornet corpse.
You take 4 damage, and have 20/46 hp.
Aiming: Ensorcelled Hibernation (safe; 3% risk of failure)
Press: ? - help, Q - select action, (/) - cycle Shift-Dir - straight line, f - hornet
Aim: a hornet (chance to affect: 43%)
The hornet resists with some effort.
You feel very sick. The hornet stings you.
* * * LOW HITPOINT WARNING * * *
You feel as though you will be slow longer.
The hornet completely misses you.
You take 7 damage, and have 13/46 hp.
You now have 13/15 mp.
You enter the transporter and appear at another place.
You feel very sick. The hornet misses you. The hornet closely misses you.
You take 3 damage, and have 10/46 hp.
Aiming: Ensorcelled Hibernation (safe; 3% risk of failure)
Press: ? - help, Q - select action, (/) - cycle Shift-Dir - straight line, f/p - hornet
Aim: a hornet (chance to affect: 43%)
The hornet resists with some effort.
You feel sick. The hornet barely misses you. The hornet completely misses you.
The hornet stings you!
* * * LOW HITPOINT WARNING * * *
You feel as though you will be slow longer.
You take 9 damage, and have 1/46 hp.
You now have 11/15 mp.
It was a potion of might.
You feel very mighty all of a sudden.
You die...

#≈...#.##.##.#...≈#
####..♣.##..#..##.♣..####
#≈≈.....###.##.##.....≈≈#
#≈..♣PP.#..#©.#.#..P♣..≈#
####..PP.P.##.##.###.P.....####
#≈≈..♣PPP♣.#[#..#..#.♣PP.♣..≈≈#
#≈.........#(##y##.#.........≈#
##...#######################...##
≈....#©........y@.........©#....≈
..#############################..
..#54##...#...........#z......#..
♣.#...##..#...#≈#≈#...#.#####.#.♣
..#.#..##.#..P≈≈≈≈≈...#.+...+z#..
♣.#.##©.#.#.♣P#≈#≈#P♣.#.#.©.#.#.♣
P.#..##.5.#.PP≈≈≈≈≈PP.#.#≈≈≈#z#..
♣.#.$.##..#..P#≈#≈#...#.#####z#.♣
..#.?.©##5#...P...P...#z..©[zz#..


You could see 2 hornets and a flying skull.

Vanquished Creatures
  Erica (D:9)
  A two-headed ogre (D:10)
  An ugly thing (D:7)
  2 manticores
  2 centaur zombies (D:10)
  Psyche (D:8)
  An unseen horror (D:5)
  Maggie (D:7)
  2 trolls
  A hornet (Gauntlet)
  2 vampires
  3 wyverns
  11 yaks
  2 steam dragons
  A vampire mosquito (D:7)
  An acid dragon (D:9)
  A sky beast (D:8)
  2 orc warriors
  4 ice beasts
  2 ogres
  4 centaurs
  2 phantoms (D:7)
  2 bullfrogs (D:8)
  2 kobold brigands
  A scorpion (D:4)
  4 wights (D:9)
  A howler monkey (D:9)
  7 hounds
  4 orc priests
  2 jellies
  A sleepcap (D:7)
  An iguana (D:4)
  4 orc wizards
  An adder (D:3)
  12 gnolls
  An ufetubus (D:6)
  5 worms
  2 dart slugs
  22 orcs
  8 endoplasms
  A giant cockroach (D:3)
  4 hobgoblins
  2 jackals (D:4)
  2 quokkas
  5 ball pythons
  3 bats (D:1)
  2 frilled lizards
  3 goblins
  11 kobolds
  3 rats
164 creatures vanquished.

Vanquished Creatures (others)
  A kobold (D:8)
  2 withered plants (D:10)
3 creatures vanquished.

Grand Total: 167 creatures vanquished

Notes
Turn   | Place    | Note
-------+----------+-------------------------------------------
     0 | D:1      | jasper the Felid Enchanter began the quest for the Orb.
     0 | D:1      | Reached XP level 1. HP: 7/7 MP: 4/4
    16 | D:1      | Reached XP level 2. HP: 12/12 MP: 6/6
    26 | D:1      | Learned a level 2 spell: Ensorcelled Hibernation
   435 | D:1      | Noticed a golden eye
   437 | D:1      | Found a faded altar of an unknown god.
   440 | D:1      | Noticed a golden eye
   446 | D:1      | Noticed a great orb of eyes
   449 | D:1      | Noticed a great orb of eyes
   556 | D:1      | Reached XP level 3. HP: 15/15 MP: 4/7
  1122 | D:2      | You fall into a shaft and drop 1 floor!
  1731 | D:3      | Reached skill level 1 in Fighting
  1895 | D:3      | Learned a level 3 spell: Confusing Touch
  2156 | D:4      | Noticed an ogre
  2171 | D:4      | Killed an ogre
  2172 | D:4      | Reached skill level 5 in Hexes
  2172 | D:4      | Reached XP level 4. HP: 9/19 MP: 3/8
  2172 | D:4      | Reached XP level 5. HP: 10/22 MP: 3/9
  2359 | D:4      | Reached skill level 5 in Stealth
  2446 | D:4      | Noticed an ogre
  2475 | D:4      | Mangled by an ogre
  2476 | D:4      | Reached XP level 4. HP: -12/19 MP: 5/9
  2757 | D:4      | Reached XP level 5. HP: 22/22 MP: 5/10
  2891 | D:5      | Entered Level 5 of the Dungeon
  3065 | D:5      | Noticed an unseen horror
  3093 | D:5      | Killed an unseen horror
  3094 | D:5      | Gained mutation: You are covered in thick fur. (AC +2)
                  | [Felid growth]
  3094 | D:5      | Reached XP level 6. HP: 27/27 MP: 1/11
  3228 | D:5      | Found a staircase to the Ecumenical Temple.
  3238 | Temple   | Entered the Ecumenical Temple
  3245 | Temple   | Became a worshipper of the Wu Jian Council
  3257 | D:5      | Noticed an ice beast
  3264 | D:5      | Killed an ice beast
  3265 | D:5      | Reached XP level 7. HP: 30/30 MP: 12/12
  3581 | D:5      | Found Ganepe's Book Shoppe.
  3858 | D:5      | Reached skill level 5 in Dodging
  4078 | D:6      | Found Kiruwioc's Book Boutique.
  4157 | D:6      | Reached skill level 5 in Unarmed Combat
  4572 | D:6      | Reached XP level 8. HP: 34/34 MP: 13/13
  4601 | D:6      | Reached * piety under Wu Jian
  4826 | D:7      | Noticed Maggie
  4836 | D:7      | Killed Maggie
  5004 | D:7      | Found Jodwuffouqe's Elemental Accessories.
  5560 | D:7      | Noticed a manticore
  5567 | D:7      | Killed a manticore
  5568 | D:7      | Reached XP level 9. HP: 27/39 MP: 9/14
  5659 | D:7      | Noticed a purple ugly thing
  5667 | D:7      | Killed a purple ugly thing
  5668 | D:7      | Reached skill level 5 in Fighting
  6126 | D:8      | Noticed Psyche
  6157 | D:8      | Killed Psyche
  6167 | D:8      | Reached XP level 10. HP: 30/45 MP: 3/15
  6180 | D:8      | Reached ** piety under Wu Jian
  6702 | D:8      | Found a snail-covered altar of Cheibriados.
  6702 | D:8      | Noticed an orange demon
  6703 | D:8      | Found an ancient bone altar of Kikubaaqudgha.
  6703 | D:8      | Found a white marble altar of Elyvilon.
  6704 | D:8      | Noticed Amaemon
  7478 | D:9      | Reached skill level 10 in Stealth
  7511 | D:9      | Noticed Erica
  7532 | D:9      | Killed Erica
  7689 | D:9      | Found a glowing golden altar of the Shining One.
  7785 | D:9      | Reached skill level 10 in Unarmed Combat
  8248 | D:8      | Paralysed by Amaemon for 2 turns
  8312 | D:8      | Slain by a gnoll
  8313 | D:8      | Reached XP level 9. HP: -2/41 MP: 5/14
  8341 | D:8      | Found a sparkling altar of Nemelex Xobeh.
  8464 | D:6      | Bought a book of the Earth for 468 gold pieces
  8471 | D:6      | Learned a level 6 spell: Statue Form
  8616 | D:9      | Reached skill level 1 in Transmutations
  8777 | D:10     | Entered Level 10 of the Dungeon
  8777 | D:10     | Noticed a troll
  8783 | D:10     | Killed a troll
  8784 | D:10     | Reached skill level 1 in Earth Magic
  8853 | D:10     | Noticed a centaur warrior
  8853 | D:10     | Noticed a six-headed hydra
  8853 | D:10     | Noticed an ogre mage
  8861 | D:10     | Noticed a yaktaur
  8861 | D:10     | Noticed a manticore
  8861 | D:10     | Noticed a centaur warrior
  8861 | D:10     | Noticed a two-headed ogre
  8863 | D:10     | Killed a two-headed ogre
  8864 | D:10     | Reached XP level 10. HP: 46/46 MP: 12/15
  8867 | D:10     | Killed a manticore
  8869 | D:10     | Shot with a bolt by a yaktaur
  8870 | D:10     | Reached XP level 9. HP: -9/42 MP: 9/14
  9048 | D:11     | Reached skill level 5 in Transmutations
  9066 | D:11     | Found a gate leading to a gauntlet.
  9080 | Gauntlet | Entered a Gauntlet
  9080 | Gauntlet | Found a transporter.
  9088 | Gauntlet | Found a transporter.
  9090 | Gauntlet | Found a transporter.
  9095 | Gauntlet | Found a runed translucent door.
  9095 | Gauntlet | Found a runed translucent door.
  9100 | Gauntlet | Found a transporter.
  9103 | Gauntlet | Found a transporter.
  9106 | Gauntlet | Noticed an obsidian statue
  9114 | Gauntlet | Found a transporter.
  9127 | Gauntlet | Found a runed translucent door.
  9131 | Gauntlet | Found a transporter.
  9134 | Gauntlet | Noticed a great orb of eyes
  9137 | Gauntlet | Noticed a necromancer
  9141 | Gauntlet | Found a transporter.
  9142 | Gauntlet | Noticed a death yak
  9142 | Gauntlet | Noticed a death yak
  9143 | Gauntlet | Noticed a death yak
  9145 | Gauntlet | Noticed a death yak
  9150 | Gauntlet | Noticed a glowing orange brain
  9151 | Gauntlet | Noticed a white ugly thing
  9151 | Gauntlet | Noticed a cyan ugly thing
  9152 | Gauntlet | Found a transporter.
  9152 | Gauntlet | Noticed a glowing orange brain
  9157 | Gauntlet | Found a transporter.
  9176 | Gauntlet | Noticed an ice devil
  9181 | Gauntlet | Found a transporter.
  9181 | Gauntlet | Found a transporter.
  9233 | Gauntlet | Noticed a green ugly thing
  9238 | Gauntlet | Found a transporter.
  9241 | Gauntlet | Found a transporter.
  9324 | Gauntlet | Reached XP level 10. HP: 24/46 MP: 15/15
  9327 | Gauntlet | HP: 1/46 [hornet (7)]
  9328 | Gauntlet | Succumbed to a hornet's poison

Illustrated notes

Levels and vault maps discovered:
D:1:      reono_arrival_mine, layout_loops_corners,
          hellmonk_ecumenical_altar_watching_god, serial_glass, glass_columns_c,
          glass_columns_c
D:2:      layout_basic, st_stairs_7, minmay_tromino_mix6
D:3:      layout_basic, kennysheep_generic_room_4
D:4:      layout_loops_corners, grunt_decor_resistance
D:5:      layout_loops_ring, minmay_temple_entry_sparse_star, serial_shops,
          shop, cheibrodos_gnoll_hut
D:6:      layout_loops_ring, serial_shops, nicolae_book_shop_shelving
D:7:      layout_basic, nicolae_elemental_shop, kb_rosetta, uniq_maggie
D:8:      layout_loops_ring, chequers_temple_overflow_statue_of_worship,
          ebering_ghost_reflecting_pool, uniq_psyche, uniq_amaemon, uniq_grum
D:9:      layout_irregular_city, nicolae_tso_swordbearing_angel, uniq_erica
D:10:     layout_cave_pods, lair_entry_dummy, serial_undead, serial_undead_c,
          serial_undead_e, serial_undead_a, serial_undead_e, chequers_garden,
          nicolae_rejected_hall
D:11:     layout_loops_ring, gauntlet_entry_generic
Temple:   sentei_temple_godly_chess
Gauntlet: minmay_gauntlet_77_tree [minmay_gauntlet_arena_77_tiled_triplets,
          minmay_gauntlet_arena_77_two_lines,
          minmay_gauntlet_arena_77_shame_cube,
          minmay_gauntlet_arena_77_hold_the_fort,
          minmay_gauntlet_arena_77_squiggly, minmay_gauntlet_arena_77_path,
          minmay_gauntlet_arena_77_radiant_squares, gauntlet_exit_hidden_loot]

Skill      XL: |  1  2  3  4  5  6  7  8  9 10 |
---------------+-------------------------------+-----
Dodging        | 3 4 5 6 8 9 |  9.5
Unarmed Combat | 2 4 5 7 8 10 | 10.1
Fighting       | 1 2 3 4 5 6 |  6.7
Hexes          | 5 6 8 |  8.0
Stealth        | 5 6 8 9 10 | 10.0
Spellcasting   | 3 |  3.0
Transmutations | 5 |  5.1
Earth Magic    | 4 |  4.2

Action                     |  1- 3 |  4- 6 |  7- 9 | 10-12 || total
---------------------------+-------+-------+-------+-------++-------
  Melee: Unarmed           |    84 |    43 |   145 |    55 ||   327
         Bite              |     9 |     2 |     8 |     4 ||    23
         Punch             |     1 |       |     5 |       ||     6
   Cast: Ensorcelled Hiber |    16 |    22 |    60 |    60 ||   158
         Confusing Touch   |       |       |     5 |     3 ||     8
Ability: Lunge             |       |     1 |    29 |     8 ||    38
         Whirlwind         |       |       |     3 |     9 ||    12
  Evoke: Wand              |     1 |     4 |     5 |    11 ||    21
    Use: Potion            |     1 |     2 |     3 |     2 ||     8
         Scroll            |     9 |       |     9 |     3 ||    21
   Stab: Sleeping          |    25 |    13 |    53 |    21 ||   112
         Invisible         |     1 |       |     1 |       ||     2
         Paralysed         |       |     1 |     3 |     1 ||     5
         Confused          |       |       |     3 |     3 ||     6
         Distracted        |       |       |     1 |       ||     1
 Armour: Skin              |       |       |    13 |     2 ||    15
  Dodge: Dodged            |    59 |    43 |    87 |    60 ||   249

Table legend: (Time is in decaauts)
 A = Elapsed time spent in this place.
 B = Non-inter-level travel time spent in this place.
 C = Inter-level travel time spent in this place.
 D = Time resting spent in this place.
 E = Time spent auto-exploring this place.
 F = Levels seen in this place.
 G = Mean time per level.
                   A        B        C        D        E       F      G
               +--------+--------+--------+--------+--------+-----+--------+
         Total |   8151 |   7855 |    296 |    942 |   5383 |  13 |  627.0 |
       Dungeon |   7939 |   7646 |    293 |    942 |   5217 |  11 |  721.7 |
        Temple |     10 |      7 |      3 |      0 |      0 |   1 |   10.0 |
      Gauntlet |    201 |    201 |      0 |      0 |    166 |   1 |  201.0 |
               +--------+--------+--------+--------+--------+-----+--------+

Top non-repeatable levels by time:
     D:7: 1449 daAuts
     D:9: 1215 daAuts
     D:5: 976 daAuts
     D:1: 868 daAuts
     D:3: 860 daAuts
     D:8: 839 daAuts
     D:6: 702 daAuts
     D:4: 656 daAuts
    D:10: 237 daAuts
Gauntlet: 201 daAuts
     D:2: 95 daAuts
    D:11: 39 daAuts
  Temple: 10 daAuts
